 Dungeon Crawl Stone Soup version 0.29-a0-653-gd47aff6735 (webtiles) character file.

Game seed: 1029819332864074045

21 kae the Insei (level 3, -1/17 (28) HPs)
             Began as a Meteoran Transmuter on June 21, 2022.
             Frozen to death by an endoplasm (4 damage)
             ... on level 2 of the Dungeon.
             The game lasted 00:01:44 (670 turns).

kae the Insei (Meteoran Transmuter)                  Turns: 670, Time: 00:01:44

HP:   -1/17 (28)    AC:  2    Str: 11    XL:     3   Next: 20%
MP:   1/8           EV: 20    Int: 16    God:
Gold: 30            SH:  0    Dex: 20    Spells: 2/8 levels left

rFire   . . .      SeeInvis .     - Unarmed
rCold   . . .      Faith    .   (shield currently unavailable)
rNeg    . . .      Spirit   .   (body armour currently unavailable)
rPois   x          Reflect  .   (helmet currently unavailable)
rElec   .          Harm     .   (cloak currently unavailable)
rCorr   .          Rampage  .   (gloves currently unavailable)
Will    .....                   (boots currently unavailable)
Stlth   +.........              (no amulet)
HPRegen 0.05/turn               (no ring)
MPRegen 0.11/turn               (no ring)

@: spider-form, very slightly contaminated, glowing, very heavily drained
A: venomous fangs, tiny, sense surroundings 1, otherworldly, glowing, explore
regen
a: End Transformation


You were on level 2 of the Dungeon.
You were a venomous arachnid creature.
You visited 1 branch of the dungeon, and saw 2 of its levels.

You collected 30 gold pieces.


Innate Abilities, Weirdness & Mutations

You are a venomous arachnid creature.
You have poisonous fangs.
You are tiny and dextrous.
Your spellcasting is less reliable in this form.
Your armour is entirely melded.
You are incapable of wielding weapons or throwing items.
You passively map a small area around you.
You are easily found by Zot.
You glow in the dark.
You regain HP and MP as you explore.


   Skills:
 + Level 1.4 Fighting
 - Level 2.4 Dodging
 * Level 4.1 Unarmed Combat
 + Level 3.0 Spellcasting
 * Level 3.0 Transmutations
 + Level 0.0 Poison Magic


You had 2 spell levels left.
You knew the following spells:

 Your Spells              Type           Power      Damage    Failure   Level
a - Beastly Appendage     Tmut           24%        N/A       16%         1
b - Wereblood             Tmut           12%        N/A       22%         2
c - Spider Form           Tmut/Pois      7%         N/A       52%         3

Your spell library contained the following spells:

 Spells                   Type           Power      Damage    Failure   Level
 Ice Form                 Ice/Tmut       7%         N/A       86%         4

Inventory:

Hand Weapons
 g - a +0 short sword (melded)
   (You took it off a kobold on level 1 of the Dungeon)
Missiles
 d - 6 curare-tipped darts {=f}
 e - 11 stones
Armour
 a - a +0 robe (melded)
 c - a +2 cloak
   (You found it on level 1 of the Dungeon)
 h - a +0 leather armour
   (You found it on level 1 of the Dungeon)
Jewellery
 A - an amulet of the acrobat
   (You found it on level 1 of the Dungeon)
Potions
 b - a potion of lignification {!q}
 f - a potion of brilliance {unknown}

Dungeon Overview and Level Annotations

Branches:
Dungeon (2/15) Zot: 730

Altars:

, , *##### , * ##+#
#...# .....#...#
.....#...# * , *
*.....#...####+#. +
.........$......#, * ,
,, #...JS........# *
####.#.s........#,
................# , *
......#.........# * *
,.......$........# ,,
................# , ,
................# *
............#+#.####.#
.....##+###........#.#
,
.....##..####.#.##.#.#


You could see an adder and an endoplasm.


Message History

You take 3 damage, and now have 14/17 hp.
You closely miss the giant cockroach.
You claw the giant cockroach, but do no damage.
Your transformation is almost over.
The giant cockroach misses you.
You hit the giant cockroach.
You kill the giant cockroach!
You see here a giant cockroach corpse. 😕 HP[+2]
You regained 2 hp, and now have 16/17 hp.
You now have 22 gold pieces (gained 11).
Found a stone staircase leading down.
Your horns disappear.
Your talons disappear. 😎 HP[+1] MP[+1]
Your hp is fully restored (17).
Your mp is fully restored (8).
You now have 30 gold pieces (gained 8).
Key pressed, stopping explore.
An endoplasm comes into view.
You see here 13 gold pieces.
An endoplasm is nearby!
An endoplasm is nearby!
An adder comes into view.
The adder hisses angrily.
The endoplasm quivers.
Casting: Beastly Appendage (safe; 5% risk of failure)
Confirm with . or Enter, or press ? or * to list all spells.
You miscast Beastly Appendage.
You are very lightly contaminated with residual magic.
Nothing appears to happen. 😎 MP[-1]
You lost 1 mp, and now have 7/8 mp.
The adder barely misses you. The endoplasm freezes you.
You are frozen.
The adder bites you but does no damage.
You barely miss the adder.
The endoplasm hits you but does no damage.
The adder bites you. 😕 HP[-3]
You take 3 damage, and now have 14/17 hp.
You miss the adder. The adder bites you. The endoplasm freezes you.
You are frozen.
You are too injured to fight recklessly! 😮 HP[-4]
You take 4 damage, and now have 10/17 hp.
MASSIVE DAMAGE!! (PAUSE)
Casting: Beastly Appendage (safe; 5% risk of failure)
Confirm with . or Enter, or press ? or * to list all spells.
You don't know that spell.
Casting: Beastly Appendage (safe; 5% risk of failure)
Confirm with . or Enter, or press ? or * to list all spells.
You don't know that spell.
Adjust (i)tems, (s)pells, or (a)bilities?
Adjust which spell? s - Spider Form Adjust to which letter? b - Spider Form Adjust (i)tems, (s)pells, or (a)bilities?
Huh?
The adder bites you but does no damage. The endoplasm barely misses you.
The adder barely misses you.
Unknown command.
Unknown command.
Adjust (i)tems, (s)pells, or (a)bilities?
Adjust which spell? w - Wereblood Adjust to which letter? c - Wereblood Adjust (i)tems, (s)pells, or (a)bilities?
Adjust which spell? b - Spider Form Adjust to which letter? c - Spider Form; b - Wereblood
Casting: Beastly Appendage (safe; 5% risk of failure)
Confirm with . or Enter, or press ? or * to list all spells.
The spell is potentially lethal to miscast (30% risk of failure)!
Continue anyway? [Y]es or [N]o only, please.
The spell is potentially lethal to miscast (30% risk of failure)!
Continue anyway?
You miscast Spider Form.
Nothing appears to happen.
The endoplasm freezes you.
You are frozen.
The adder bites you.
* * * LOW HITPOINT WARNING * * *
😨 HP[-5] MP[-3]
You take 5 damage, and now have 5/17 hp.
MASSIVE DAMAGE!! (PAUSE)
You lost 3 mp, and now have 4/8 mp.
Unknown command.
Casting: Spider Form (potentially lethal; 30% risk of failure)
Confirm with . or Enter, or press ? or * to list all spells.
The spell is potentially lethal to miscast (30% risk of failure)!
Continue anyway? [Y]es or [N]o only, please.
The spell is potentially lethal to miscast (30% risk of failure)!
Continue anyway?
You turn into a venomous arachnid creature.
Your +0 short sword melds into your body.
Your +0 robe melds into your body.
The adder bites you.
* * * LOW HITPOINT WARNING * * *
The endoplasm freezes you.
You are frozen.
You die...

Skill      XL: |  1  2 |
---------------+-------+-----
Unarmed Combat | 4 |  4.1
Spellcasting   | 3 |  3.0
Transmutations | 3 |  3.0
Fighting       | |  1.4
Dodging        | |  2.4

Action                   || total
-------------------------++-------
Melee: Unarmed           ||    26
       Kick              ||     7
       Punch             ||     1
       Short sword       ||    21
       Headbutt          ||     2
 Cast: Beastly Appendage ||    13
       Spider Form       ||     1
Armor: Robe              ||    12
Dodge: Dodged            ||    40

Levels and vault maps discovered:
D:1:      minmay_arrival_radiant_lines, layout_basic,
          shapermc_ecumenical_altar_venn, grunt_decor_resistance
D:2:      layout_basic

Notes
Turn   | Place    | Note
-------+----------+-------------------------------------------
     0 | D:1      | kae the Meteoran Transmuter began the quest for the Orb.
     0 | D:1      | Reached XP level 1. HP: 16/16 MP: 5/5
     0 | D:1      | magus.rc [v1.11.3]
    68 | D:1      | Reached XP level 2. HP: 23/23 MP: 6/6
   101 | D:1      | Found a faded altar of an unknown god.
   215 | D:1      | Learned a level 2 spell: Wereblood
   223 | D:1      | Reached skill level 4 in Unarmed Combat
   223 | D:1      | Reached skill level 3 in Spellcasting
   303 | D:1      | Reached skill level 3 in Transmutations
   303 | D:1      | Reached XP level 3. HP: 22/28 MP: 5/8
   308 | D:1      | Learned a level 3 spell: Spider Form
   501 | D:1      | Glimpsed the power of Zot.
   551 | D:1      | Glimpsed the power of Zot.
   591 | D:1      | Glimpsed the power of Zot.
   600 | D:1      | Glimpsed the power of Zot.
   601 | D:1      | Touched by the power of Zot.
   670 | D:2      | HP: 3/17 [adder (2)]
   670 | D:2      | Frozen to death by an endoplasm

Vanquished Creatures
  A dart slug (D:1)
  3 endoplasms (D:1)
  A giant cockroach (D:2)
  5 hobgoblins (D:1)
  3 kobolds (D:1)
  A ball python (D:1)
  A frilled lizard (D:1)
  3 rats (D:1)
18 creatures vanquished.

Table legend:
 A = Non-vault XP
 B = Vault XP
 C = Vault XP percentage of total XP
 D = Non-vault monster count
 E = Vault monster count
 F = Vault count percentage of total count
                 A         B        C        D         E       F
            +---------+---------+-------+---------+---------+-------
      Total |      31 |       0 |   0.0 |      18 |       0 |   0.0
            +---------+---------+-------+---------+---------+-------
        D:1 |      29 |       0 |   0.0 |      17 |       0 |   0.0
        D:2 |       2 |       0 |   0.0 |       1 |       0 |   0.0
            +---------+---------+-------+---------+---------+-------

Illustrated notes

Table legend:
 A = Kills in this place as a percentage of kills in entire the game.
 B = Kills by you in this place as a percentage of kills by you in the entire game.
 C = Kills by friends in this place as a percentage of kills by friends in the entire game.
 D = Other kills in this place as a percentage of other kills in the entire game.
 E = Experience gained in this place as a percentage of experience gained in the entire game.
 F = Experience gained in this place divided by the number of levels of this place that you have seen.
                   A       B       C       D       E      F
               +-------+-------+-------+-------+-------+----------------------
         Total | 100.0 | 100.0 |   N/A |   N/A | 100.0 |  15.5
       Dungeon | 100.0 | 100.0 |   N/A |   N/A | 100.0 |  15.5
               +-------+-------+-------+-------+-------+----------------------

Table legend: (Time is in decaauts)
 A = Elapsed time spent in this place.
 B = Non-inter-level travel time spent in this place.
 C = Inter-level travel time spent in this place.
 D = Time resting spent in this place.
 E = Time spent auto-exploring this place.
 F = Levels seen in this place.
 G = Mean time per level.
                   A        B        C        D        E       F      G
               +--------+--------+--------+--------+--------+-----+--------+
         Total |    669 |    622 |     47 |      0 |    446 |   2 |  334.5 |
       Dungeon |    669 |    622 |     47 |      0 |    446 |   2 |  334.5 |
               +--------+--------+--------+--------+--------+-----+--------+

Top non-repeatable levels by time:
     D:1: 602 daAuts
     D:2: 66 daAuts
